 Dungeon Crawl Stone Soup version 0.31.0 (webtiles) character file.

Game seed: 9445808454775797200

138 Ofeo the Changeling (level 5, -1/48 HPs)
             Began as an Oni Shapeshifter on Jan 19, 2024.
             Slain by an orc
             ... wielding a +0 trident
              (5 damage)
             ... on level 3 of the Dungeon.
             The game lasted 00:03:02 (2252 turns).

Ofeo the Changeling (Oni Shapeshifter)              Turns: 2252, Time: 00:03:03

Health: -1/48      AC:  3    Str: 18    XL:     5   Next: 21%
Magic:  5/5        EV: 10    Int: 11    God:
Gold:   51         SH:  0    Dex: 10    Spells: 4/4 levels left

rFire   . . .        f - +3 hand axe
rCold   . . .        (no shield)
rNeg    . . .        a - +0 animal skin
rPois   .            (helmet currently unavailable)
rElec   .            (cloak currently unavailable)
rCorr   .            (gloves unavailable)
SInv    .            (boots unavailable)
Will    .....        (no amulet)
Stlth   +            (no ring)
HPRegen 0.28/turn    (no ring)
MPRegen 0.09/turn

%: no passive effects
@: brilliant, beast-form, hasted, very quick
A: beast (slay +3), large, unfitting armour, horns 1, tough skin 1, double
potion healing, drunken brawling
a: Begin Untransformation


You were on level 3 of the Dungeon.
You were a hulking beast.
You visited 1 branch of the dungeon, and saw 3 of its levels.

You collected 51 gold pieces.

Inventory:

Hand Weapons
 b - a +0 trident
 f - a +3 hand axe (weapon)
Armour
 a - a +0 animal skin (worn)
Talismans
 c - a beast talisman
 d - a flux talisman
Scrolls
 e - a scroll of fog
 g - a scroll of teleportation {@r3}
 i - a scroll of identify {@r1}
Potions
 h - a potion of curing {unknown}
 j - a potion of enlightenment {unknown}
 l - a potion of lignification


   Skills:
 - Level 1.5 Fighting
 - Level 1.8 Dodging
 - Level 2.7 Unarmed Combat
 + Level 5.3 Shapeshifting


You had 4 spell levels left.
You didn't know any spells.
Your spell library was empty.

Dungeon Overview and Level Annotations

Branches:
Dungeon (3/15)

Altars:


Innate Abilities, Weirdness & Mutations

You are a hulking beast.
Your limbs bulge with bestial killing power. (Slay +3)
You are too large for most types of armour.
You have a pair of small horns on your head.
You have tough skin. (AC +1)
You gain doubled healing and magic from potions.
Whenever you drink a healing potion, you attack all around you.


Message History

You completely miss the orc. The orc barely misses you.
You hit the orc. Your headbutt misses the orc.
The orc is heavily wounded.
The orc closely misses you. The orc hits you with a +0 club.
You slash the orc!
You kill the orc!
The orc hits you but does no damage.
You hit the orc.
The orc is almost dead.
The orc barely misses you. The orc hits you with a +0 dagger.
The orc hits you from afar with a +0 trident.
You completely miss the orc. Your headbutt misses the orc.
The orc is almost dead.
The orc hits you with a +0 dagger.
The orc hits you from afar with a +0 trident.
You barely miss the orc.
The orc is almost dead.
The orc completely misses you.
The orc hits you from afar with a +0 trident.
The orc hits you with a +0 dagger.
You hit the orc.
You kill the orc!
The orc hits you but does no damage.
The orc hits you from afar with a +0 trident.
* * * LOW HITPOINT WARNING * * *
You swing at nothing.
The orc barely misses you.
You swing at nothing.
The orc hits you from afar with a +0 trident.
* * * LOW HITPOINT WARNING * * *
You swing at nothing.
The orc hits you from afar with a +0 trident.
* * * LOW HITPOINT WARNING * * *
The orc hits you from afar with a +0 trident.
* * * LOW HITPOINT WARNING * * *
It was a potion of brilliance.
You feel clever all of a sudden.
You feel yourself speed up. The orc barely misses you.
The orc attacks as it pursues you!
The orc hits you from afar with a +0 trident.
You die...

#.<.#
#########.#.#
#...........#
#.########.## #>#
##.# #..# ##.##
#######h.# ##
###...##..##
.#######.....##o##
.........#...##$#
............###o#
..[.....#...###.#
...####...###...#
.#......#####)###
#####.o.####o.#


You could see 2 orcs.

Vanquished Creatures
  An orc wizard (D:3)
  Natasha (twice) (D:2)
  A dart slug (D:1)
  4 ribbon worms
  9 orcs
  3 bats
  2 endoplasms
  A giant cockroach (D:3)
  A goblin (D:2)
  3 hobgoblins
  4 jackals (D:1)
  4 quokkas
  3 ball pythons (D:1)
  2 frilled lizards
  3 kobolds
  A rat (D:1)
44 creatures vanquished.

Notes
Turn   | Place    | Note
-------+----------+-------------------------------------------
     0 | D:1      | Ofeo the Oni Shapeshifter began the quest for the Orb.
     0 | D:1      | Reached XP level 1. HP: 19/19 MP: 1/1
   201 | D:1      | Reached XP level 2. HP: 22/27 MP: 2/2
   938 | D:2      | Reached XP level 3. HP: 31/33 MP: 3/3
  1200 | D:2      | Noticed Natasha
  1204 | D:2      | Killed Natasha
  1205 | D:2      | Reached skill level 4 in Shapeshifting
  1325 | D:2      | Reached XP level 4. HP: 41/41 MP: 4/4
  1334 | D:2      | Found a faded altar of an unknown god.
  1567 | D:2      | Noticed Natasha
  1575 | D:2      | HP: 1/41 [Natasha (8)]
  1578 | D:2      | Killed Natasha
  2183 | D:3      | Reached skill level 5 in Shapeshifting
  2183 | D:3      | Reached XP level 5. HP: 41/48 MP: 5/5
  2252 | D:3      | Slain by an orc

Illustrated notes

Levels and vault maps discovered:
D:1:      heliophobic_arrival_glass_houses, layout_loops_ring, minivault_11
D:2:      layout_rooms, shapermc_ecumenical_altar_hornbeckon,
          hangedman_decor_push, uniq_natasha
D:3:      layout_rooms, trog_hazing_becter

Skill      XL: |  1  2  3  4 |
---------------+-------------+-----
Shapeshifting  | 4 5 |  5.3
Fighting       | |  1.5
Dodging        | |  1.8
Unarmed Combat | |  2.7

Action                     |  1- 3 |  4- 6 || total
---------------------------+-------+-------++-------
  Melee: Unarmed           |    48 |       ||    48
         Headbutt          |     9 |     5 ||    14
         Trident           |    22 |    24 ||    46
         Punch             |     1 |     1 ||     2
         Hand axe          |       |    29 ||    29
    Use: Scroll            |     5 |       ||     5
         Potion            |       |     2 ||     2
 Armour: Animal skin       |    46 |    62 ||   108
  Dodge: Dodged            |    31 |    33 ||    64
